 Dungeon Crawl Stone Soup version 0.26.0-10-g1f06aea511 (webtiles) character file.

Game seed: 1827715289351201133

101 night the Ruffian (level 4, -3/27 HPs)
             Began as a Gargoyle Transmuter on Jan 21, 2021.
             Slain by an orc
             ... wielding a +0 flail
              (6 damage)
             ... on level 3 of the Dungeon.
             The game lasted 00:04:57 (2201 turns).

night the Ruffian (Gargoyle Transmuter)             Turns: 2201, Time: 00:04:58

Health: -3/27      AC:  8    Str: 14    XL:     4   Next: 75%
Magic:  7/7        EV: 11    Int: 14    God:
Gold:   72         SH:  0    Dex: 10    Spells: 6/7 levels left

rFire    . . .     SeeInvis .     - Unarmed
rCold    . . .     Faith    +   (no shield)
rNeg     + . .     Spirit   .   c - +0 ring mail
rPois    ∞         Reflect  .   (no helmet)
rElec    +         Harm     .   (no cloak)
rCorr    .         Rampage  .   (no gloves)
Will     .....                  (no boots)
Stlth    ..........             j - amulet of faith
HPRegen  0.09/turn              (no ring)
MPRegen  0.10/turn              (no ring)

@: no status effects
A: negative energy resistance 1, electricity resistance, unbreathing,
petrification resistance, miasma immunity, AC +3
a: no special abilities


You were on level 3 of the Dungeon.
You visited 1 branch of the dungeon, and saw 4 of its levels.

You collected 72 gold pieces.

Inventory:

Missiles
 e - 52 stones
 g - 16 bolts
 l - 17 arrows
Armour
 a - a +0 robe
 c - a +0 ring mail (worn)
Jewellery
 j - an amulet of faith (around neck)
Scrolls
 b - a scroll of enchant armour {unknown}
 d - 3 scrolls of identify {unknown}
 f - a scroll of remove curse {unknown}
 h - 3 scrolls of teleportation {unknown}


   Skills:
 + Level 2.7 Fighting
 + Level 2.1 Dodging
 * Level 4.1 Unarmed Combat
 - Level 2.0 Spellcasting
 - Level 1.7 Transmutations


You had 6 spell levels left.
You knew the following spells:

 Your Spells              Type           Power        Failure   Level
a - Beastly Appendage     Tmut           12%          24%         1

Your spell library contained the following spells:

 Spells                   Type           Power        Failure   Level
 Wereblood                Tmut           6%           34%         2
 Spider Form              Tmut/Pois      1%           71%         3
 Ice Form                 Ice/Tmut       3%           98%         4
 Blade Hands              Tmut           3%           100%        5


Dungeon Overview and Level Annotations

Branches:
Dungeon (4/15)
 Temple: D:4-7

Altars:


Innate Abilities, Weirdness & Mutations

You are resistant to torment.
Your stone body is resilient. (AC +3)
You are immune to poison.
You resist negative energy. (rN+)
You are resistant to electric shocks. (rElec)
You can survive without breathing.
You are immune to petrification.
You are immune to miasma.


Message History

The frilled lizard hisses.
The frilled lizard bites you.
* * * LOW HITPOINT WARNING * * *
You hit the frilled lizard.
The frilled lizard is severely wounded.
The frilled lizard barely misses you.
You closely miss the frilled lizard.
The frilled lizard is severely wounded.
The frilled lizard closely misses you.
You barely miss the frilled lizard.
The frilled lizard is severely wounded.
The frilled lizard misses you.
You hit the frilled lizard.
You kill the frilled lizard!
The orc barely misses you.
You see here a frilled lizard corpse.
You hit the orc.
The orc is heavily wounded.
The orc hits you with a +0 flail.
You die...

##.....###....)#######
#>.....+...........)..
#.÷....##.####$#
#.[....##....#.######
#.##...o.....#......##
#..'.....>...#........
#..#.........#......##
#..#.........#o.....#
#..###+#####.#@.....#
#..# .#......# #..#
#......# #..# #......#
......... .........
########.


You could see an orc.

Vanquished Creatures
  2 orc wizards (D:4)
  An adder (D:2)
  An ooze (D:1)
  A dart slug (D:1)
  2 orcs (D:3)
  A giant cockroach (D:2)
  4 goblins
  3 hobgoblins
  4 jackals (D:1)
  A quokka (D:4)
  A ball python (D:1)
  5 bats
  A frilled lizard (D:3)
  3 kobolds (D:1)
  3 rats
33 creatures vanquished.

Notes
Turn   | Place    | Note
-------+----------+-------------------------------------------
     0 | D:1      | night the Gargoyle Transmuter began the quest for the Orb.
     0 | D:1      | Reached XP level 1. HP: 12/12 MP: 3/3
   257 | D:1      | Reached XP level 2. HP: 5/16 MP: 3/5
  1179 | D:1      | Reached XP level 3. HP: 20/21 MP: 6/6
  1771 | D:2      | You fall into a shaft and drop 2 floors!
  1847 | D:4      | Reached XP level 4. HP: 9/27 MP: 7/7
  2110 | D:4      | Reached skill level 4 in Unarmed Combat
  2122 | D:4      | Noticed an ogre
  2155 | D:3      | HP: 1/27 [orc (2)]
  2201 | D:3      | Slain by an orc

Illustrated notes

Levels and vault maps discovered:
D:1:      lemuel_arrival_lava_pool, layout_basic, minmay_misc_feat_iff
D:2:      cheibrodos_fertilizer, layout_loops_cross, minmay_ruptured,
          uniq_terence
D:3:      layout_basic
D:4:      minmay_bubble_buster, layout_basic, marbit_many_paths, serial_shops,
          shop, minmay_checkerbox

Skill      XL: |  1  2  3  4 |
---------------+-------------+-----
Fighting       | 2 |  2.7
Dodging        | 2 |  2.1
Unarmed Combat | 4 |  4.1
Spellcasting   | |  2.0
Transmutations | |  1.7

Action                   |  1- 3 |  4- 6 || total
-------------------------+-------+-------++-------
Melee: Unarmed           |   139 |    39 ||   178
       Kick              |     2 |       ||     2
       Headbutt          |     2 |       ||     2
       Punch             |     1 |       ||     1
 Cast: Beastly Appendage |     8 |       ||     8
  Use: Potion            |     2 |       ||     2
Armor: Robe              |    17 |       ||    17
       Ring mail         |    74 |    10 ||    84
Dodge: Dodged            |   106 |    17 ||   123
